 Dungeon Crawl Stone Soup version 0.17.2-1-ge4368a0 (webtiles) character file.

15 tidbits the Insei (level 2, 1/22 HPs)
             Began as a Demigod Transmuter on Sept 21, 2017.
             Quit the game on level 2 of the Dungeon.
             The game lasted 00:02:04 (283 turns).

tidbits the Insei (Demigod Transmuter)               Turns: 283, Time: 00:02:04

Health: 1/22       AC:  3    Str: 13    XL:     2   Next: 21%
Magic:  7/7        EV: 12    Int: 17    God:
Gold:   42         SH:  0    Dex: 16    Spells: 1 memorised, 4 levels left

rFire  . . .     SeeInvis .       - Unarmed
rCold  . . .     Clarity  .     b - +0 robe
rNeg   . . .     SustAt   +     (no shield)
rPois  .         Gourm    .     (no helmet)
rElec  .         Spirit   .     (no cloak)
rCorr  .         Warding  .     G - +0 pair of gloves
rMut   .         Stasis   .     (no boots)
MR     .....                    (no amulet)
Stlth  +.........               (no ring)
                                (no ring)

@: lethally poisoned (1 -> -2), not resistant to hostile enchantments, very
unstealthy
A: high mp 1, sustain attributes
a: no special abilities


You were on level 2 of the Dungeon.
You were not hungry.

You visited 1 branch of the dungeon, and saw 2 of its levels.

You collected 42 gold pieces.

Inventory:

Hand Weapons
 g - a +0 hunting sling
   (You found it on level 1 of the Dungeon)
Missiles
 a - 12 arrows
Armour
 b - a +0 robe (worn)
 G - a +0 pair of gloves (worn)
   (You found it on level 1 of the Dungeon)
Scrolls
 e - 3 scrolls of identify {unknown}
 f - a scroll of amnesia {unknown}
 i - a scroll of teleportation {unknown}
Books
 c - a book of Changes

   Spells                             Type                      Level
   a - Beastly Appendage              Transmutation                1
   b - Sticks to Snakes               Transmutation                2
   c - Spider Form                    Transmutation/Poison         3
   d - Ice Form                       Ice/Transmutation            4
   e - Blade Hands                    Transmutation                5
Comestibles
 d - a bread ration


   Skills:
 - Level 0.8 Fighting
 - Level 1.7 Dodging
 + Level 3.1 Unarmed Combat
 - Level 2.0 Spellcasting
 + Level 2.0 Transmutations


You had 4 spell levels left.
You knew the following spells:

 Your Spells              Type           Power        Failure   Level  Hunger
e - Beastly Appendage     Trmt           #.....       10%         1    #......


Dungeon Overview and Level Annotations

Branches:
Dungeon (2/15)


Innate Abilities, Weirdness & Mutations

You have an increased reservoir of magic (+10% MP).
Your attributes are resistant to harm.


Message History

A goblin comes into view. It is wielding a club.
Found a whip and a scroll labeled RONYTACS ZEGO.
The goblin shouts!
Found 9 gold pieces.
Found a stone staircase leading down.
Casting: Beastly Appendage
Confirm with . or Enter, or press ? or * to list all spells.
You grow a pair of large bovine horns.
You barely miss the goblin. The goblin barely misses you.
You hit the goblin.
You kill the goblin!
You now have 28 gold pieces (gained 9).
Your transformation is almost over.
e - 3 scrolls labeled RONYTACS ZEGO (gained 1)
Your horns disappear.
There is a stone staircase leading down here.
Casting: Beastly Appendage
Confirm with . or Enter, or press ? or * to list all spells.
Your feet morph into talons.
You climb downwards.
Found a stone staircase leading down.
There is a stone staircase leading up here.
An adder comes into view.
Your transformation is almost over.
Found 14 gold pieces.
The adder closely misses you.
You hit the adder. Your kick misses the adder.
The adder is moderately wounded.
The adder barely misses you.
You barely miss the adder.
The adder is moderately wounded.
The adder bites you.
You are poisoned.
The adder poisons you!
You closely miss the adder.
The adder is moderately wounded.
You feel sick. The adder bites you.
* * * LOW HITPOINT WARNING * * *
You miss the adder. You punch the adder, but do no damage.
The adder is lightly wounded.
The adder bites you.
* * * LOW HITPOINT WARNING * * *
The adder bites you.
* * * LOW HITPOINT WARNING * * *
You are more poisoned.
The adder poisons you!
Drink which item? (? for menu, Esc to quit)
It was a potion of heal wounds.
You feel much better.
You feel sick. The adder barely misses you.
You barely miss the adder.
The adder is lightly wounded.
You feel sick. The adder bites you.
You hit the adder.
You kill the adder!
Your Unarmed Combat skill increases to level 3!
Your Transmutations skill increases to level 2!
You have reached level 2!
You feel sick.
Memorise Sticks to Snakes, consuming 2 spell levels and leaving 2?
Your talons disappear.
You start memorising the spell.
You continue memorising.
Your memorisation is interrupted.
You feel sick.
You feel sick.
You feel sick.
There is a stone staircase leading up here.
You feel sick.
You feel sick.
You feel sick.
You now have 42 gold pieces (gained 14).
You feel sick.
A giant gecko comes into view.
Eat which item? (? for menu, Esc to quit)
You don't have any such object.
Eat which item? (? for menu, Esc to quit)
You don't have any such object.
Eat which item? (? for menu, Esc to quit)
You don't have any such object.
Eat which item? (? for menu, Esc to quit)
You don't have any such object.
Eat which item? (? for menu, Esc to quit)
Huh?
Eat which item? (? for menu, Esc to quit)
You don't have any such object.
Eat which item? (? for menu, Esc to quit)
You can't eat that!
You feel sick. The giant gecko bites you.
* * * LOW HITPOINT WARNING * * *
What do you say? t - Shout!
Orders for allies: a - Attack new target. r - Retreat! s - Stop attacking. w - Wait here. f - Follow me.
Anything else - Stay silent.
Okay, then. (m)acro, (M)acro raw, keymap [(k) default, (x) level-map, (t)argeting, (c)onfirm, m(e)nu], (s)ave?
Input macro trigger key: 3 Current Action: one_turn_rest Do you wish to (r)edefine, (c)lear, or (a)bort?
Input macro action: ===one_turn_rest Created macro '3' => '===one_turn_rest'.
Are you sure you want to abandon this character and quit the game? (Confirm with "yes".)

.................###
#.#.#.#.#.#.#.#.#..
.....>...........#
#.#.#.#.#.#.#.#.##
.................#
#.#.#.#.#.#.#.#.##
#####...#####.#.#
##.# #.#.## # #..#@#
#.###l# ##. ... #
####


You could see a giant gecko.

Vanquished Creatures
  An adder (D:2)
  3 bats (D:1)
  A giant cockroach (D:1)
  A goblin (D:1)
  A kobold (D:1)
  A rat (D:1)
8 creatures vanquished.

Notes
Turn   | Place    | Note
--------------------------------------------------------------
     0 | D:1      | tidbits the Demigod Transmuter began the quest for the Orb.
     0 | D:1      | Reached XP level 1. HP: 15/15 MP: 5/5
   155 | D:1      | Reached skill level 2 in Spellcasting
   260 | D:2      | HP: 1/15 [adder (2)]
   263 | D:2      | Reached skill level 3 in Unarmed Combat
   263 | D:2      | Reached skill level 2 in Transmutations
   263 | D:2      | Reached XP level 2. HP: 14/22 MP: 7/7
   282 | D:2      | HP: 1/22 [giant gecko (5)]
   283 | D:2      | Quit the game

Action                   || total
-------------------------++-------
Melee: Unarmed           ||    21
 Cast: Beastly Appendage ||     8
  Use: Potion            ||     1
 Stab: Sleeping          ||     1

Table legend:
 A = Turns spent in this place as a percentage of turns spent in the entire game.
 B = Non-inter-level travel turns spent in this place as a percentage of non-inter-level travel turns spent in the entire game.
 C = Inter-level travel turns spent in this place as a percentage of turns spent in this place.
 D = Turns resting spent in this place as a percentage of non-inter-level travel turns spent in this place.
 E = Turns spent auto-exploring this place as a percentage of non-inter-level travel turns spent in this place.
 F = Non-inter-level travel turns spent in this place divided by the number of levels of this place that you've seen.
                   A       B       C       D       E      F
               +-------+-------+-------+-------+-------+----------------------
         Total | 100.0 | 100.0 |   0.4 |   0.0 |   0.4 | 120.0
       Dungeon | 100.0 | 100.0 |   0.4 |   0.0 |   0.4 | 120.0
               +-------+-------+-------+-------+-------+----------------------

Table legend:
 A = Kills in this place as a percentage of kills in entire the game.
 B = Kills by you in this place as a percentage of kills by you in the entire game.
 C = Kills by friends in this place as a percentage of kills by friends in the entire game.
 D = Other kills in this place as a percentage of other kills in the entire game.
 E = Experience gained in this place as a percentage of experience gained in the entire game.
 F = Experience gained in this place divided by the number of levels of this place that you have seen.
                   A       B       C       D       E      F
               +-------+-------+-------+-------+-------+----------------------
         Total | 100.0 | 100.0 |  -nan |  -nan | 100.0 |  11.0
       Dungeon | 100.0 | 100.0 |  -nan |  -nan | 100.0 |  11.0
               +-------+-------+-------+-------+-------+----------------------

Vault maps used:
D:1:      mainiacjoe_arrival_reflecting_pool
D:2:      lemuel_blue_sif_altar, minivault_23, st_stairs_12,
          grunt_dithmenos_smoke_and_mirrors
